 Dungeon Crawl Stone Soup version 0.31-a0-1074-g0b22e4e0f1 (webtiles) character file.

Game seed: 15874441343096965685

47 Jeffwins the Vexing (level 3, -1/18 HPs)
             Began as a Vine Stalker Hexslinger on Dec 5, 2023.
             Succumbed to an adder's poison
             ... on level 2 of the Dungeon.
             The game lasted 00:01:54 (1126 turns).

Jeffwins the Vexing (Vine Stalker Hexslinger)       Turns: 1126, Time: 00:01:55

Health: -1/18      AC:  2    Str: 10    XL:     3   Next: 70%
Magic:  3/5        EV: 12    Int: 15    God:
Gold:   84         SH:  0    Dex: 16    Spells: 4/4 levels left

rFire   + . .        b - +2 hand axe (venom)
rCold   . . .        (no shield)
rNeg    . . .        c - +0 robe
rPois   .            (no helmet)
rElec   .            (no cloak)
rCorr   .            (no gloves)
SInv    .            (no boots)
Will    .....        (no amulet)
Stlth   ++           (no ring)
HPRegen 1.03/turn    (no ring)
MPRegen 0.09/turn

%: guardian spirit
@: lethally poisoned (-1 -> -9)
A: fangs 2, regeneration 1, magic shield, antimagic bite, no potion heal 2, fire
resistance 1, screaming 1
a: no special abilities


You were on level 2 of the Dungeon.
You visited 1 branch of the dungeon, and saw 2 of its levels.

You collected 84 gold pieces.


Innate Abilities, Weirdness & Mutations

You have extremely sharp teeth.
Your natural rate of healing is unusually fast.
When hurt, damage is shared between your health and your magic reserves.
Your bite disrupts and absorbs the magic of your enemies.
Potions cannot restore your health.
Your flesh is heat resistant. (rF+)
You occasionally shout uncontrollably at your foes.


   Skills:
 - Level 1.0 Fighting
 * Level 2.6 Ranged Weapons
 - Level 2.0 Dodging
 + Level 1.6 Stealth
 - Level 1.1 Spellcasting
 + Level 3.3 Hexes
 - Level 1.0 Fire Magic
 + Level 0.0 Evocations


You had 4 spell levels left.
You didn't know any spells.
Your spell library contained the following spells:

 Spells                   Type           Power      Damage    Failure   Level
 Jinxbite                 Hex            20%        N/A       10%         2
 Sigil of Binding         Hex            10%        N/A       19%         3
 Apportation              Tloc           0%         N/A       24%         1
 Necrotise                Necr           0%         1d4       24%         1
 Summon Small Mammal      Summ           0%         N/A       24%         1
 Inner Flame              Hex/Fire       7%         N/A       30%         3
 Cause Fear               Hex            5%         N/A       52%         4
 Dimensional Bullseye     Hex/Tloc       2%         N/A       77%         4

Inventory:

Hand Weapons
 a - a +1 sling
 b - a +2 hand axe of venom (weapon)
Armour
 c - a +0 robe (worn)
Magical Staves
 e - a staff of poison
Wands
 m - a wand of acid (9)
Scrolls
 d - a scroll of poison {!r}
 f - a scroll of silence {unknown}
 g - a scroll of revelation {unknown}
 i - 2 scrolls of identify {unknown}
 j - a scroll of acquirement {unknown}
 k - a scroll of amnesia {unknown}
Potions
 l - a potion of curing {unknown}

Dungeon Overview and Level Annotations

Branches:
Dungeon (2/15)

Altars:

#...ยง...###
##.......
#.......#
#..##.##.
#########
####.....##.
##......####.
#..#..### #. .
#.....# # ...
##..####
.....######..##
.....KS@.....#
.....#########
... .


You could see an adder (very poisoned) and a kobold.


Message History

The adder poisons you!
Unknown command.
Your +2 hand axe of venom begins to drip with poison!
b - a +2 hand axe of venom (weapon)
You feel sick. The adder bites you.
You hit the adder but do no damage.
The adder is poisoned.
The adder is lightly wounded.
You feel sick. The adder bites you.
You are more poisoned.
The adder poisons you!
You hit the adder.
The adder looks even sicker.
Your bite misses the adder.
The adder is heavily wounded.
You feel very sick. The adder bites you.
* * * LOW HITPOINT WARNING * * *
You are more poisoned.
The adder poisons you! The adder barely misses you.
You barely miss the adder.
The adder is heavily wounded.
* * * LOW HITPOINT WARNING * * *
You feel very sick. The adder bites you.
* * * LOW HITPOINT WARNING * * *
The adder bites you.
* * * LOW HITPOINT WARNING * * *
You are more poisoned.
The adder poisons you!
It was a potion of mutation.
You feel extremely strange.
You feel the urge to shout.
You feel resistant to heat.
You die...

Skill      XL: |  1  2  3 |
---------------+----------+-----
Fighting       | 1 |  1.0
Ranged Weapons | 2 |  2.6
Stealth        | 1 |  1.6
Dodging        | 2 |  2.0
Spellcasting   | |  1.1
Hexes          | |  3.3
Fire Magic     | |  1.0

Action                     || total
---------------------------++-------
  Melee: Hand axe          ||     3
   Fire: Sling             ||    69
    Use: Potion            ||     1
 Armour: Robe              ||    25
  Dodge: Dodged            ||    19

Levels and vault maps discovered:
D:1:      ncdulo_smallfort, layout_basic
D:2:      layout_rooms, serial_glass, glass_columns_a, glass_columns_a,
          item_on_display_a, due_unseen_surprise, minmay_strange_pillars,
          grunt_decor_mini_mirrors, kennysheep_generic_room_10, uniq_jessica

Notes
Turn   | Place    | Note
-------+----------+-------------------------------------------
     0 | D:1      | Jeffwins the Vine Stalker Hexslinger began the quest for
                  | the Orb.
     0 | D:1      | Reached XP level 1. HP: 9/9 MP: 3/3
    40 | D:1      | Reached skill level 1 in Fighting
    62 | D:1      | Reached skill level 2 in Ranged Weapons
    94 | D:1      | Reached XP level 2. HP: 14/14 MP: 4/4
   360 | D:1      | Reached skill level 1 in Stealth
   423 | D:1      | Reached XP level 3. HP: 18/18 MP: 5/5
   985 | D:2      | Reached skill level 2 in Dodging
  1126 | D:2      | Gained mutation: You occasionally shout uncontrollably at
                  | your foes. [potion of mutation]
  1126 | D:2      | Gained mutation: Your flesh is heat resistant. (rF+)
                  | [potion of mutation]
  1126 | D:2      | Succumbed to an adder's poison

Vanquished Creatures
  A gnoll (D:1)
  An adder (D:2)
  A dart slug (D:1)
  3 endoplasms (D:1)
  2 giant cockroaches (D:1)
  2 goblins (D:1)
  A hobgoblin (D:2)
  3 kobolds
  A quokka (D:2)
  4 ball pythons
  3 bats (D:1)
  A frilled lizard (D:1)
  3 rats
26 creatures vanquished.

Table legend: (Time is in decaauts)
 A = Elapsed time spent in this place.
 B = Non-inter-level travel time spent in this place.
 C = Inter-level travel time spent in this place.
 D = Time resting spent in this place.
 E = Time spent auto-exploring this place.
 F = Levels seen in this place.
 G = Mean time per level.
                   A        B        C        D        E       F      G
               +--------+--------+--------+--------+--------+-----+--------+
         Total |   1145 |   1087 |     58 |      0 |    920 |   2 |  572.5 |
       Dungeon |   1145 |   1087 |     58 |      0 |    920 |   2 |  572.5 |
               +--------+--------+--------+--------+--------+-----+--------+

Top non-repeatable levels by time:
     D:1: 971 daAuts
     D:2: 174 daAuts

Table legend:
 A = Non-vault XP
 B = Vault XP
 C = Vault XP percentage of total XP
 D = Non-vault monster count
 E = Vault monster count
 F = Vault count percentage of total count
                 A         B        C        D         E       F
            +---------+---------+-------+---------+---------+-------
      Total |      67 |       1 |   1.5 |      25 |       1 |   3.8
            +---------+---------+-------+---------+---------+-------
        D:1 |      47 |       0 |   0.0 |      20 |       0 |   0.0
        D:2 |      20 |       1 |   4.8 |       5 |       1 |  16.7
            +---------+---------+-------+---------+---------+-------
